 Dungeon Crawl Stone Soup version 0.20-a0-501-g0de2c2e (webtiles) character file.

89 AlphabetPasta the Chiller (level 4, -4/30 HPs)
             Began as a Formicid Ice Elementalist on Jan 19, 2017.
             Slain by Sigmund
             ... wielding a +0 scythe
              (8 damage)
             ... on level 2 of the Dungeon.
             The game lasted 00:11:05 (2210 turns).

AlphabetPasta the Chiller (FoIE)                    Turns: 2210, Time: 00:11:06

Health: -4/30      AC:  3    Str: 13    XL:     4   Next: 84%
Magic:  8/8        EV: 12    Int: 15    God:
Gold:   184        SH:  0    Dex: 11    Spells: 3/9 levels left

rFire    . . .     SeeInvis +   g - +0 short sword
rCold    . . .     Gourm    +   a - +0 robe
rNeg     . . .     Faith    .   (no shield)
rPois    .         Spirit   .   (helmet unavailable)
rElec    .         Reflect  .   (no cloak)
rCorr    .         Harm     .   (no gloves)
MR       .....                  j - +0 pair of boots
Stlth    +.........             n - amulet of the gourmand
Regen    0.1/turn               (no ring)
                                (no ring)

@: confused
A: permanent stasis, dig shafts and tunnels, four strong arms, antennae 3
a: Dig, Shaft Self


You were on level 2 of the Dungeon.
You were not hungry.

You visited 1 branch of the dungeon, and saw 2 of its levels.

You collected 184 gold pieces.

Inventory:

Hand Weapons
 g - a +0 short sword (weapon)
Armour
 a - a +0 robe (worn)
 e - a +2 large shield
 j - a +0 pair of boots (worn)
Jewellery
 n - an amulet of the gourmand (around neck)
Scrolls
 k - a scroll of teleportation {unknown}
 o - a scroll of remove curse {unknown}
 p - a scroll of immolation {unknown}
Potions
 h - a potion of curing {unknown}
 i - a potion of flight
 l - a potion of cancellation
 m - a potion of resistance
Books
 b - a book of Frost

   Spells                             Type                      Level
   a - Freeze                         Ice                          1
   b - Throw Frost                    Conjuration/Ice              2
   c - Ozocubu's Armour               Charms/Ice                   3
   d - Throw Icicle                   Conjuration/Ice              4
   e - Summon Ice Beast               Ice/Summoning                4
Comestibles
 c - 3 bread rations
 d - a meat ration
 f - a royal jelly
 q - a slice of pizza


   Skills:
 - Level 1.7 Dodging
 - Level 2.4 Stealth
 + Level 1.7 Shields
 + Level 3.1 Spellcasting
 + Level 1.2 Conjurations
 * Level 4.0 Ice Magic


You had 3 spell levels left.
You knew the following spells:

 Your Spells              Type           Power        Failure   Level  Hunger
a - Freeze                Ice            ##..         4%          1    #......
b - Throw Frost           Conj/Ice       ##....       12%         2    ##.....
c - Ozocubu's Armour      Chrm/Ice       #.......     30%         3    ###....


Dungeon Overview and Level Annotations

Branches:
Dungeon (2/15)

Altars:

Annotations:
D:2 Sigmund


Innate Abilities, Weirdness & Mutations

You cannot be hasted, slowed, berserked, paralysed or teleported.
You can dig through walls and to a lower floor.
Your four strong arms can wield two-handed weapons with a shield.
You have a pair of large antennae on your head. (SInv)


Message History

Okay, then.
Sigmund gestures at you while chanting.
You are confused.
You're too confused to move!
Sigmund points at you and mumbles some strange words.
You resist with some effort.
Sigmund screams, "Don't try to resist!"
Sigmund gestures wildly while chanting.
Sigmund flickers and vanishes for a moment.
Sigmund points at you and mumbles some strange words.
The puff of flame hits you! Sigmund casts a spell at you.
You are more confused.
Sigmund says, "Your kind have come here before.
I understand now why.
You desire death..."
Sigmund zaps a wand.
The puff of flame hits you!
* * * LOW HITPOINT WARNING * * *
You're too confused!
You bump into the rock wall.
Sigmund hits you from afar with a scythe!
You die...

##################
#................#
#.##############.#
#.# #.# ..#
#####'########
..########
#....@.@.....#
..........
+............#
..########
#.(..........#
.....#
#..........(.#
...#.#
#............#
...#.#
###...########
...#.# ##...
...#.# ##.###
...#.# .....


You could see Sigmund (invisible).

Vanquished Creatures
  Jessica (D:2)
  2 adders (D:2)
  2 worms (D:2)
  A dart slug (D:1)
  A leopard gecko (D:1)
  2 giant cockroaches
  6 goblins
  3 hobgoblins (D:1)
  A quokka (D:2)
  2 bats (D:1)
  7 frilled lizards
  5 kobolds
  9 rats
42 creatures vanquished.

Notes
Turn   | Place    | Note
-------+----------+-------------------------------------------
     0 | D:1      | AlphabetPasta the Formicid Ice Elementalist began the quest for the Orb.
     0 | D:1      | Reached XP level 1. HP: 13/13 MP: 3/3
   391 | D:1      | Reached XP level 2. HP: 19/19 MP: 3/5
   395 | D:1      | Learned a level 2 spell: Throw Frost
   561 | D:1      | Reached skill level 1 in Conjurations
  1151 | D:1      | Reached XP level 3. HP: 22/24 MP: 2/6
  1423 | D:2      | Reached skill level 1 in Shields
  1428 | D:2      | Learned a level 3 spell: Ozocubu's Armour
  1647 | D:2      | Reached XP level 4. HP: 23/30 MP: 6/8
  1682 | D:2      | Noticed Jessica
  1687 | D:2      | Killed Jessica
  1687 | D:2      | Reached skill level 4 in Ice Magic
  2010 | D:2      | Upgraded the game from 0.20-a0-493-g19c8d8d to 0.20-a0-501-g0de2c2e
  2201 | D:2      | Noticed Sigmund
  2210 | D:2      | Slain by Sigmund

Vault maps used:
D:1:      sevenhm_arrival_forest_fort_large_4, grunt_decor_clamped
D:2:      minmay_wonky_spiral, minmay_octomino_c4, uniq_sigmund, uniq_jessica,
          uniq_robin

Skill      XL: |  1  2  3  4 |
---------------+-------------+-----
Conjurations   | 1 |  1.2
Shields        | 1 |  1.7
Spellcasting   | 3 |  3.1
Ice Magic      | 4 |  4.0
Dodging        | |  1.7
Stealth        | |  2.4

Action                   |  1- 3 |  4- 6 || total
-------------------------+-------+-------++-------
Melee: Unarmed           |     8 |       ||     8
       Short sword       |     7 |     9 ||    16
 Cast: Freeze            |    45 |    22 ||    67
  Use: Scroll            |     4 |     1 ||     5
 Stab: Sleeping          |     1 |     2 ||     3
  Eat: Chunk             |     3 |     8 ||    11
Armor: Robe              |     6 |     2 ||     8
Dodge: Dodged            |    26 |    12 ||    38
